 Dungeon Crawl Stone Soup version 0.25-a0-108-gda8bd6cf83 (webtiles) character file.

Game seed: 1350831080093542558, levelgen mode: deterministic

1612 MrRokkomies the Jinx (level 8, -5/52 HPs)
             Began as a Vampire Enchanter on Nov 18, 2019.
             Was an Initiate of Sif Muna.
             Slain by a centaur (6 damage)
             ... on level 6 of the Dungeon.
             The game lasted 00:23:16 (5378 turns).

MrRokkomies the Jinx (Vampire Enchanter)            Turns: 5378, Time: 00:23:16

Health: -5/52      AC:  3    Str:  7    XL:     8   Next: 63%
Magic:  9/11       EV: 12    Int: 20    God:    Sif Muna [......]
Gold:   266        SH:  0    Dex: 14    Spells: 3/11 levels left

rFire    . . .     SeeInvis +   a - +1 short sword (vamp)
rCold    . . .     Gourm    .   (no shield)
rNeg     . . .     Faith    .   b - +1 robe
rPois    .         Spirit   .   (no helmet)
rElec    .         Reflect  .   (no cloak)
rCorr    +         Harm     .   (no gloves)
MR       .....                  (no boots)
Stlth    ++++......             (no amulet)
HPRegen  0.37/turn              i - ring of resist corrosion
MPRegen  0.12/turn              (no ring)

@: lethally poisoned (-5 -> -6), regenerating quickly, lightly drained
A: no food, fangs 3, see invisible, unbreathing
a: Exsanguinate, Renounce Religion


You were on level 6 of the Dungeon.
You worshipped Sif Muna.
Sif Muna was noncommittal.
You were alive.

You visited 2 branches of the dungeon, and saw 7 of its levels.
You also visited: Sewer.

You collected 266 gold pieces.

Inventory:

Hand Weapons
 a - a +1 vampiric short sword (weapon)
Missiles
 d - 8 atropa-tipped darts
 f - a throwing net
 g - 8 curare-tipped darts
 h - 293 stones (quivered)
 n - 26 poisoned darts
Armour
 b - a +1 robe (worn)
Magical Staves
 s - an uncursed staff of poison
Jewellery
 i - a ring of resist corrosion (left hand)
Wands
 w - a wand of acid (4)
 A - a wand of polymorph (12)
Scrolls
 c - 5 scrolls of teleportation
 j - 2 scrolls of magic mapping
 k - 2 scrolls of enchant armour
 q - 2 scrolls of identify
 t - 2 scrolls of immolation
 u - 2 scrolls of fear
 x - a scroll of noise {unknown}
 y - 2 scrolls of remove curse
 z - a scroll of blinking
Potions
 e - 5 potions of curing
 l - a potion of flight
 m - 2 potions of haste
 o - 3 potions of brilliance
 p - 3 potions of heal wounds
 r - a potion of agility
 v - a potion of lignification {unknown}


   Skills:
 * Level 7.5(7.4) Short Blades
 - Level 2.1(2.0) Dodging
 + Level 8.8(8.7) Stealth
 - Level 2.0(1.8) Spellcasting
 * Level 10.8(10.6) Hexes


You had 3 spell levels left.
You knew the following spells:

 Your Spells              Type           Power        Failure   Level  Hunger
a - Confuse               Hex            #####...     1%          3    N/A
b - Ensorcelled Hibernat  Hex/Ice        ###...       2%          2    N/A
c - Tukima's Dance        Hex            #####...     1%          3    N/A

Your spell library contained the following spells:

 Spells                   Type           Power        Failure   Level  Hunger
 Corona                   Hex            #####..      1%          1    N/A
 Dazzling Spray           Conj/Hex       ###...       5%          3    N/A

Dungeon Overview and Level Annotations

Branches:
Dungeon (6/15)             Temple (1/1) D:5           Sewer (visited)

Altars:
Ashenzari
Cheibriados
Dithmenos
Elyvilon
Fedhas
Gozag
Hepliaklqana
Kikubaaqudgha
Makhleb
Nemelex Xobeh
Okawaru
Qazlal
Ru
Sif Muna
Trog
Uskayaw
Vehumet
Wu Jian
Xom
Yredelemnul
Zin
The Shining One

Shops:
D:5 :


Innate Abilities, Weirdness & Mutations

You do not eat.
Your natural rate of healing is unusually fast.
You have razor-sharp teeth.
You have supernaturally acute eyesight. (SInv)
You can survive without breathing.


Message History

You feel sick. The centaur hits you.
You hit the centaur but do no damage.
The centaur is heavily wounded.
The centaur barely misses you.
You hit the centaur.
The centaur is severely wounded.
The centaur hits you!
* * * LOW HITPOINT WARNING * * *
You hit the centaur but do no damage.
The centaur is heavily wounded.
The centaur hits you!
* * * LOW HITPOINT WARNING * * *
You barely miss the centaur.
The centaur is heavily wounded.
The centaur hits you.
* * * LOW HITPOINT WARNING * * *
You hit the centaur but do no damage.
The centaur is heavily wounded.
The centaur hits you.
You die...

................
........................
......................##
......................##
.....................##
....................##
....................#
......(...........###
......c@.......#..#
........(...#####.#
##..........# ###
##.........# #
#.###.....# ####### ##
###..## #...... ####
#######


You could see a centaur.

Vanquished Creatures
  Grinder (Sewer)
  2 ice beasts (D:5)
  A centaur (D:6)
  A big kobold (Sewer)
  Blork the orc (D:6)
  A water moccasin skeleton (D:3)
  A scorpion (D:4)
  3 wights (D:6)
  A howler monkey (D:6)
  A crimson imp (D:6)
  2 quasits (Sewer)
  A centaur zombie (D:6)
  2 orc wizards (D:4)
  Jessica (D:2)
  A bullfrog skeleton (D:6)
  An iguana (D:5)
  Ijyb (D:5)
  5 worker ants
  3 big kobold zombies (Sewer)
  A hound skeleton (D:4)
  11 adders
  4 shadow imps
  An ufetubus (Sewer)
  2 oozes
  An adder zombie (D:5)
  4 dart slugs
  5 worms
  3 leopard geckos
  7 orcs
  5 bats
  3 giant cockroaches
  11 goblins
  5 hobgoblins
  16 jackals
  4 quokkas
  2 ball pythons
  8 frilled lizards
  21 kobolds
  A kobold zombie (Sewer)
  A leopard gecko skeleton (D:6)
  A quokka zombie (D:5)
  5 rats
152 creatures vanquished.

Vanquished Creatures (collateral kills)
  An adder (D:6)
1 creature vanquished.

Vanquished Creatures (others)
  An ogre (D:6)
  A big kobold zombie (Sewer)
  An adder (D:3)
  A quokka (D:3)
  A kobold zombie (Sewer)
5 creatures vanquished.

Grand Total: 158 creatures vanquished

Notes
Turn   | Place    | Note
-------+----------+-------------------------------------------
     0 | D:1      | MrRokkomies the Vampire Enchanter began the quest for the
                  | Orb.
     0 | D:1      | Reached XP level 1. HP: 13/13 MP: 3/3
   303 | D:1      | Reached XP level 2. HP: 19/19 MP: 5/5
   318 | D:1      | Learned a level 2 spell: Ensorcelled Hibernation
   538 | D:1      | Reached skill level 5 in Hexes
   763 | D:2      | Reached XP level 3. HP: 24/24 MP: 6/6
   802 | D:2      | Reached skill level 5 in Stealth
   815 | D:2      | Noticed Jessica
   821 | D:2      | Killed Jessica
   821 | D:2      | Reached XP level 4. HP: 30/30 MP: 4/7
  1145 | D:2      | Reached skill level 6 in Hexes
  1477 | D:3      | Found a faded altar of an unknown god.
  1526 | D:3      | Found a white marble altar of Elyvilon.
  1551 | D:3      | Reached XP level 5. HP: 21/35 MP: 3/8
  1613 | D:3      | Found a glowing drain.
  1735 | D:3      | Learned a level 3 spell: Confuse
  1736 | Sewer    | Entered a sewer
  1967 | Sewer    | Found a burning altar of Makhleb.
  2003 | Sewer    | Reached skill level 7 in Hexes
  2012 | Sewer    | Reached XP level 6. HP: 21/41 MP: 6/9
  2155 | Sewer    | Noticed Grinder
  2177 | Sewer    | Killed Grinder
  2177 | Sewer    | Reached skill level 5 in Short Blades
  2177 | Sewer    | Reached skill level 8 in Hexes
  2177 | Sewer    | Reached XP level 7. HP: 22/46 MP: 6/10
  2523 | D:3      | Learned a level 3 spell: Tukima's Dance
  2964 | D:4      | You fall into a shaft and drop 1 floor!
  2964 | D:5      | Entered Level 5 of the Dungeon
  3322 | D:4      | Reached skill level 9 in Hexes
  4108 | D:5      | Found a staircase to the Ecumenical Temple.
  4117 | Temple   | Entered the Ecumenical Temple
  4199 | Temple   | Became a worshipper of Sif Muna the Loreminder
  4267 | D:5      | Reached XP level 8. HP: 43/52 MP: 7/11
  4356 | D:5      | Noticed Ijyb
  4363 | D:5      | Killed Ijyb
  4525 | D:5      | Found Vothir's Book Boutique.
  4898 | D:6      | Noticed Blork the orc
  4927 | D:6      | Killed Blork the orc
  4927 | D:6      | Reached skill level 10 in Hexes
  5377 | D:6      | HP: 1/52 [centaur (6)]
  5378 | D:6      | Slain by a centaur

Levels and vault maps discovered:
D:1:      nicolae_arrival_somewhat_less_tricky_arrival, layout_basic
D:2:      layout_loops_ring, first_ration, minmay_tromino_mix6, uniq_jessica
D:3:      layout_rooms, elyvilon_altar_4,
          chequers_ecumenical_altar_simple_redux, cheibrodos_sewer_entry_bend,
          minmay_hedge_maze
D:4:      layout_basic, serial_forest, infiniplex_forest_clump_long,
          infiniplex_forest_lined_ring, infiniplex_forest_pool,
          infiniplex_forest_straight_2, infiniplex_forest_clump_tiny
D:5:      layout_basic, minmay_temple_entry_large_hall, serial_shops,
          kennysheep_little_box, hangedman_glass_teeth, uniq_ijyb
D:6:      layout_layer_cave, grunt_ministairs_9, uniq_blork_the_orc
Temple:   compressed_dpeg_triangle_lava_temple

Skill      XL: |  1  2  3  4  5  6  7  8 |
---------------+-------------------------+-----
Short Blades   | 2 3 4 5 6 7 |  7.5
Hexes          | 5 6 7 8 9 10 | 10.8
Stealth        | 5 6 7 8 |  8.8
Dodging        | |  2.1
Spellcasting   | |  2.0

Action                   |  1- 3 |  4- 6 |  7- 9 || total
-------------------------+-------+-------+-------++-------
Melee: Dagger            |   104 |   115 |       ||   219
       Bite              |     6 |    21 |    31 ||    58
       Short sword       |       |   164 |   397 ||   561
Throw: Stone             |       |     8 |       ||     8
 Cast: Ensorcelled Hiber |     3 |    19 |    17 ||    39
       Confuse           |       |     2 |    10 ||    12
       Tukima's Dance    |       |       |     2 ||     2
  Use: Scroll            |     4 |     2 |     9 ||    15
       Potion            |       |     4 |       ||     4
 Stab: Sleeping          |    12 |    20 |    21 ||    53
       Distracted        |     1 |       |       ||     1
       Confused          |       |     4 |     8 ||    12
Armor: Robe              |    17 |    41 |    46 ||   104
Dodge: Dodged            |    62 |   191 |   199 ||   452

Table legend:
 A = Non-vault XP
 B = Vault XP
 C = Vault XP percentage of total XP
 D = Non-vault monster count
 E = Vault monster count
 F = Vault count percentage of total count
                 A         B        C        D         E       F
            +---------+---------+-------+---------+---------+-------
      Total |    1518 |     786 |  34.1 |     114 |      41 |  26.5
            +---------+---------+-------+---------+---------+-------
        D:1 |      34 |       0 |   0.0 |      19 |       0 |   0.0
        D:2 |      93 |      43 |  31.6 |      17 |       4 |  19.0
        D:3 |     164 |      10 |   5.7 |      25 |       2 |   7.4
        D:4 |     360 |       0 |   0.0 |      29 |       0 |   0.0
        D:5 |     360 |      35 |   8.9 |      13 |       1 |   7.1
        D:6 |     507 |      92 |  15.4 |      11 |       2 |  15.4
      Sewer |       0 |     606 | 100.0 |       0 |      32 | 100.0
            +---------+---------+-------+---------+---------+-------
